← All builds
Tech / Armada / Economy first / OBSERVED BUILD

Fast fusion

Armada Tech (Eco) build order · Supreme Isthmus

After the standard T2 start, the player pushes out a Fusion Reactor unusually early (from 8:48) to scale energy well ahead of the norm before transitioning into typical Citadel/Armageddon play.

Usually first T2 con to Geo (86%)

#eco #t2 · 84 distinct matches · 29 players · 6% of Armada Tech games · team won 61% of 85 · Recently observed

THE CATCH, AND WHAT COMES WITH IT
  • Fusion ReactorFusion Reactor from 8:49 · 13% of role by thenOnly 13% of Tech games have it by then; others who build it get it around 11:11

Then transitions into anti-nuke (32% of army), Armageddon (9% of army).

HOW TO PLAY IT

Key timing: Fusion Reactor by 9:00

  1. Open Bot Lab into Advanced Bot Lab as the standard T2 rush.
  2. Upgrade mex to Advanced Metal Extractor to grow team metal.
  3. Push Fusion Reactor far earlier than the usual 12:17 norm.
  4. Keep supplying team with T2 cons and Advanced Construction Bots.

Phase by phase

TYPICAL OF ITS 84 GAMES · AGAINST STANDARD TECH
  1. 1
  2. 2
  3. 3
  4. 4
  5. 5
PLAY THE OPENING

Follow the example game's first 9:49 step by step: what to build now, what comes next, and where it goes. At 1× it keeps pace with your own game.

  1. 1

    Up to the Bot Lab

    Economy
    • Metal Extractor3Mex
    • Wind Turbine3Wind
    Order
    1. Bot LabBot Lab after 3 mex, 3 winddone ~1:12, middle half 1:08–1:18

    By 0:55 in all: 3 mex · 3 wind

    The example game in this phase · 3 steps
    1. Mex ×3
    2. Wind ×3
    3. Bot LabBot Labdone 1:08 · typical 1:12
  2. 2

    Bot Lab to Advanced Bot Lab

    Economy
    • Metal Extractor1Mex
    • Wind Turbine9Wind
    • Energy Storage1Energy storage
    Order
    1. Advanced Bot LabAdvanced Bot Lab after 4 mex, 12 wind, 3 con turretdone ~4:12, middle half 4:02–4:23
    Builders
    • Construction Turret3 Con turret
    • Lazarus4 Lazarus
    • Construction Bot1 Con bot
    • Construction Bot1 Con bot for allies

    Some games also: converter (49%)

    By 3:10 in all: 4 mex · 12 wind · 1 energy storage · 3 con turret

    The example game in this phase · 15 steps
    1. Construction BotCon botfor Air
    2. LazarusLazarus
    3. Wind
    4. LazarusLazarus
    5. Wind ×2
    6. Mex
    7. LazarusLazarus ×2
    8. Construction BotCon bot
    9. Con turret
    10. Energy storage
    11. Con turret
    12. TickTick ×5
    13. Con turret
    14. Wind ×2
    15. Advanced Bot LabAdvanced Bot Labdone 4:13 · typical 4:12
  3. 3

    Advanced Bot Lab to 5:00

    Economy
    • Wind Turbine4Wind
    Builders
    • Advanced Construction Bot1 T2 con bot for allies

    Some games also: converter (46%)

    By 5:00 in all: 4 mex · 17 wind · 3 converter · 1 energy storage · 3 con turret

    The example game in this phase · 6 steps
    1. Converter ×6
    2. Wind ×5
    3. Advanced Construction BotT2 con botfor Geo
    4. FatboyFatboyfor Ponddone 4:57
    5. Wind
    6. Advanced Construction BotT2 con botfor Air
  4. 4

    5:00 to Fusion Reactor

    Economy
    • Wind Turbine33Wind+13 vs standard
    • Energy Converter5Converter+4 vs standard
    Order
    1. Fusion ReactorFusion Reactor after 4 mex, 48 wind, 9 converterdone ~10:07, middle half 9:40–10:32
    Builders
    • Butler8 Butler +3 vs standard
    • Advanced Construction Bot3 T2 con bot for allies
    • Advanced Construction Bot1 T2 con bot

    Some games also: con turret (48%)

    By 8:49 in all: 4 mex · 48 wind (standard 36) · 9 converter (standard 4) · 1 energy storage · 3 con turret

    The example game in this phase · 43 steps
    1. Wind ×2
    2. Advanced Metal ExtractorT2 mexdone 5:40 · typical 5:17
    3. Wind ×4
    4. Advanced Metal ExtractorT2 mex
    5. Wind
    6. Advanced Metal ExtractorT2 mex
    7. Advanced Construction BotT2 con bot
    8. ButlerButler
    9. Wind
    10. ButlerButler
    11. Wind
    12. Advanced Metal ExtractorT2 mex
    13. ButlerButler
    14. Wind
    15. ButlerButler
    16. Wind
    17. ButlerButler ×2
    18. Converter
    19. ButlerButler
    20. Converter
    21. Wind
    22. ButlerButler
    23. Converter
    24. Wind ×3
    25. Advanced Construction BotT2 con botfor Pond
    26. Wind
    27. Converter
    28. Wind ×5
    29. Converter
    30. Advanced Construction BotT2 con botfor Geo sea
    31. Wind
    32. Converter
    33. Wind ×4
    34. Converter
    35. Wind ×2
    36. Converter
    37. Wind ×2
    38. Advanced Construction BotT2 con bot
    39. Converter
    40. Wind
    41. Converter
    42. Wind ×5
    43. Fusion ReactorFusiondone 9:41 · typical 10:07
  5. 5

    Fusion Reactor to 15:00

    Economy
    • Wind Turbine92Wind−48 vs standard
    • Energy Converter51Converter
    Order
    1. Fusion ReactorFusion after 94 wind, 24 converter, 7 con turretin 62% of games
    2. CitadelAnti-nuke after 95 wind, 29 converter, 8 con turretin 55% of games
    Builders
    • Construction Turret10 Con turret

    Some games also: Aircraft Plant (47%) · Tracer (39%) · Advanced Fusion Reactor (36%) · metal storage (32%) · con aircraft (31%)

    The standard build makes here, this one skips: 5 Butler

    By 15:00 in all: 4 mex · 143 wind · 2 fusion · 60 converter (standard 44) · 1 energy storage · 14 con turret

    The example game in this phase · 107 steps
    1. Converter ×2
    2. Wind ×5
    3. Converter
    4. Wind ×4
    5. Converter
    6. Wind
    7. Converter ×2
    8. Wind ×4
    9. Converter
    10. Wind ×5
    11. Converter
    12. Con turret
    13. Wind ×5
    14. Converter
    15. Con turret
    16. Wind ×4
    17. Converter
    18. Wind ×5
    19. Con turret
    20. Converter
    21. Wind ×3
    22. Con turret
    23. Wind
    24. Converter
    25. Wind ×2
    26. Con turret
    27. TracerTracer
    28. Wind ×3
    29. Converter
    30. Wind ×3
    31. CitadelAnti-nukedone 10:29
    32. Wind ×2
    33. Converter
    34. Wind
    35. Con turret
    36. Wind ×2
    37. Con turret
    38. Wind ×2
    39. Converter
    40. Wind
    41. Con turret
    42. Wind ×3
    43. Converter
    44. Wind ×5
    45. Converter
    46. Wind ×3
    47. Advanced Bot LabAdvanced Bot Labnot finished by 15:00
    48. Wind
    49. Converter
    50. Wind ×5
    51. Aircraft PlantAircraft Plantdone 10:48
    52. Converter
    53. Wind
    54. FalconFighterfor Geo
    55. Wind ×2
    56. FalconFighter ×2for Geo
    57. Wind
    58. FalconFighterfor Geo
    59. Wind
    60. Converter
    61. Wind
    62. FalconFighter ×2for Geo
    63. Wind
    64. FalconFighterfor Geo
    65. Wind ×2
    66. FalconFighter ×2for Geo
    67. Converter
    68. FalconFighterfor Geo
    69. Wind ×3
    70. FalconFighter ×3for Geo
    71. Wind
    72. FalconFighterfor Geo
    73. Wind ×2
    74. FalconFighterfor Geo
    75. Converter
    76. FalconFighterfor Geo
    77. Wind
    78. FalconFighterfor Geo
    79. Wind ×2
    80. FalconFighter ×3for Geo
    81. Wind
    82. Converter
    83. Wind
    84. FalconFighterfor Geo
    85. Wind
    86. FalconFighter ×2for Geo
    87. Wind ×2
    88. FalconFighterfor Geo
    89. Wind
    90. Converter
    91. FalconFighter
    92. StormbringerBomber
    93. Wind
    94. StormbringerBomber
    95. Wind ×2
    96. StormbringerBomber ×2
    97. Wind
    98. Converter
    99. Wind
    100. StormbringerBomber ×16
    101. FalconFighter ×6for Geo
    102. FalconFighter
    103. Construction AircraftCon aircraft ×2
    104. FalconFighter ×9for Geo
    105. Fusion ReactorFusion ×2
    106. Advanced Bot LabAdvanced Bot Labnot finished by 15:00
    107. Wind ×2

Counts are medians over the build's games: half of them build more, half fewer. The example game is Teaner's (52 OS, 26/09/2026); pick another.

Team trades

IN AT LEAST 30% OF ITS GAMES

You hand over

  • Construction Bot1 Con bot to Airfirst at 2:21 · in 86% of games
  • Advanced Construction Bot5 T2 con bot to Pond or Air or Beach seafirst at 4:40 · in 100% of games

You get

  • Hercules1 Light transport from Airfirst at 3:46 · in 85% of games

How it plays out

Typical game of this build against the role’s standard build, running totals by minute

  • This build
  • Standard tech

Metal produced

020k40k
0:005:0010:0015:00

metal

Enemy metal destroyed

0200400
0:005:0010:0015:00

metal

Own metal lost

0100200300
0:005:0010:0015:00

metal

85 games.

Show as table
ByMetal produced: This buildMetal produced: Standard techEnemy metal destroyed: This buildEnemy metal destroyed: Standard techOwn metal lost: This buildOwn metal lost: Standard tech
1:003843830000
2:009179150000
3:00172516420000
4:00326631510000
5:00492448660000
6:00608058080000
7:00780072300000
8:00997790700000
9:0012648112490000
10:0017188135790000
11:0020826164090000
12:0024508199730000
13:0027794237850000
14:0031874275540900104
15:003645731617513230204
WHAT THE NUMBERS SAY

Won far more often than the standard build with a large lead in metal production and near-zero losses.

  • + Team win rate 64% vs 53% for standard build.
  • + Metal produced by 10:00 much higher (16996 vs 13553).
  • − No enemy metal destroyed recorded by 15:00 (0 vs 400 for standard).
  • − Requires strict early Bot Lab and Advanced Metal Extractor timing to reach 9:00 Fusion.
THE EXAMPLE YOU ARE READING

Teaner

51.5 OS · 26/09/2026

Open source match ↗

55 received units
3962 metal received · 126983 energy received

Allied construction assistance is unknown. Timings are observations, not a promise of solo reproducibility.

Typical milestones

Bot Lab1:12Middle 50%: 1:08–1:18 · n=85
Advanced Bot Lab4:12Middle 50%: 4:02–4:23 · n=85
Advanced Metal Extractor5:17Middle 50%: 4:58–5:35 · n=85
Fusion Reactor10:07Middle 50%: 9:40–10:32 · n=80

Played most by

Teaner22games of this buildSyphos10games of this buildKOT_6games of this build[Grump]Grumpiness5games of this buildCokeado5games of this build